PCL
CALGARY COWBOYS @ ALBUQUERQUE ISOTOPES
06/01/2023
 
TOP OF THE 1ST
Calgary Cowboys batting - Pitching for Albuquerque Isotopes : RHP Teruo Sato
Pitching: RHP Teruo Sato
Batting: RHB Clark Hodge 0-0: Ball
1-0: Foul Ball, location: 2F
1-1: Ball
2-1: Ball
3-1: SINGLE (Groundball, 6)
Batting: SHB Juan Acevado 0-0: Grounds into double play, 5-4-3 (Groundball, 5)
Batting: RHB Dan Wyatt 0-0: Ball
1-0: Ball
2-0: Foul Ball, location: 2F
2-1: Foul Ball, location: 2F
2-2: DOUBLE (Flyball, 78D)
Batting: LHB Al Ryan 0-0: Ball
1-0: Ball
2-0: Ball
3-0: Called Strike
3-1: Base on Balls
Batting: RHB Ramón Martínez 0-0: Ball
1-0: Called Strike
1-1: Called Strike
1-2: Strikes out swinging
Top of the 1st over - 0 run(s), 2 hit(s), 0 error(s), 2 left on base; Calgary 0 - Albuquerque 0
BOTTOM OF THE 1ST
Albuquerque Isotopes batting - Pitching for Calgary Cowboys : RHP Abraham Hes
Pitching: RHP Abraham Hes
Batting: LHB Pedro Vega 0-0: Ball
1-0: Called Strike
1-1: Ball
2-1: Ball
3-1: Base on Balls
Batting: RHB Chris Terry 0-0: Fly out, F7 (Flyball, 7M)
Batting: LHB Manny Mejía 0-0: Called Strike
0-1: Ball
1-1: Foul Ball, location: 2F
1-2: Foul Ball, location: 2F
1-2: Foul Ball, location: 2F
1-2: Ball
2-2: SINGLE (Line Drive, 6MD)
Pedro Vega to second
Batting: RHB Sze Qi 0-0: Grounds into double play, 6-4-3 (Groundball, 56)
Bottom of the 1st over - 0 run(s), 1 hit(s), 0 error(s), 1 left on base; Calgary 0 - Albuquerque 0
TOP OF THE 2ND
Calgary Cowboys batting - Pitching for Albuquerque Isotopes : RHP Teruo Sato
Batting: RHB Jesús Hernández 0-0: SINGLE (Flyball, 9S)
Batting: RHB Shayne Burry 0-0: Ball
1-0: Called Strike
1-1: Called Strike
1-2: Strikes out looking
Jesús Hernández steals 2nd base
Batter strikes out.
Batting: RHB Tom Yarbrough 0-0: Ball
1-0: Called Strike
1-1: Ball
2-1: Foul Ball, location: 2F
2-2: Fly out, F9 (Flyball, 9LM)
Batting: RHB Iain Liefting 0-0: Ground out 6-3 (Groundball, 6M)
Top of the 2nd over - 0 run(s), 1 hit(s), 0 error(s), 1 left on base; Calgary 0 - Albuquerque 0
BOTTOM OF THE 2ND
Albuquerque Isotopes batting - Pitching for Calgary Cowboys : RHP Abraham Hes
Batting: LHB Mark Vestal 0-0: Ball
1-0: Foul Ball, location: 2F
1-1: Ball
2-1: Foul Ball, location: 2F
2-2: Ball
3-2: Base on Balls
Batting: RHB Edward Young 0-0: Called Strike
0-1: Swinging Strike
0-2: Ground out 6-3 (Groundball, 6M)
Mark Vestal to second
Batting: LHB A.J. Major 0-0: Foul Ball, location: 2F
0-1: Fly out, F8 (Flyball, 8LS)
Batting: SHB José Sosa 0-0: Ball
1-0: Ball
2-0: Ball
3-0: Foul Ball, location: 2F
3-1: Base on Balls
Batting: RHB Luis Martínez 0-0: Foul Ball, location: 2F
0-1: DOUBLE (Flyball, 9LM)
Mark Vestal scores
José Sosa to third
Batting: LHB Pedro Vega 0-0: Ball
1-0: Called Strike
1-1: Foul Ball, location: 2F
1-2: Ball
2-2: Ball
3-2: Foul Ball, location: 2F
3-2: Base on Balls
Batting: RHB Chris Terry 0-0: Ball
1-0: Foul Ball, location: 2F
1-1: Foul Ball, location: 2F
1-2: Foul Ball, location: 2F
1-2: Ball
2-2: Ball
3-2: Foul Ball, location: 2F
3-2: Foul Ball, location: 2F
3-2: Base on Balls
José Sosa scores
Luis Martínez to third
Pedro Vega to second
Batting: LHB Manny Mejía 0-0: Ball
1-0: Ground out U3 (Groundball, 3)
Bottom of the 2nd over - 2 run(s), 1 hit(s), 0 error(s), 3 left on base; Calgary 0 - Albuquerque 2
TOP OF THE 3RD
Calgary Cowboys batting - Pitching for Albuquerque Isotopes : RHP Teruo Sato
Batting: RHB Clark Hodge 0-0: Called Strike
0-1: Called Strike
0-2: Ball
1-2: Foul Ball, location: 2F
1-2: Ground out 4-3 (Groundball, 4)
Batting: SHB Juan Acevado 0-0: Called Strike
0-1: Swinging Strike
0-2: Strikes out looking
Batting: RHB Dan Wyatt 0-0: Ball
1-0: Foul Ball, location: 2F
1-1: Foul Ball, location: 2F
1-2: Ball
2-2: Ball
3-2: Base on Balls
Batting: LHB Al Ryan 0-0: Foul Ball, location: 2F
0-1: Ball
1-1: Foul Ball, location: 2F
1-2: Ball
2-2: Ball
Dan Wyatt steals 2nd base
3-2: Foul Ball, location: 2F
3-2: Ground out 1-3 (Groundball, 13)
Top of the 3rd over - 0 run(s), 0 hit(s), 0 error(s), 1 left on base; Calgary 0 - Albuquerque 2
BOTTOM OF THE 3RD
Albuquerque Isotopes batting - Pitching for Calgary Cowboys : RHP Abraham Hes
Batting: RHB Sze Qi 0-0: Ball
1-0: Called Strike
1-1: Foul Ball, location: 2F
1-2: Ground out 1-3 (Groundball, 13S)
Batting: LHB Mark Vestal 0-0: Called Strike
0-1: Ball
1-1: Ground out 6-3 (Groundball, 6)
Batting: RHB Edward Young 0-0: Ball
1-0: Ground out 6-3 (Groundball, 6)
Bottom of the 3rd over - 0 run(s), 0 hit(s), 0 error(s), 0 left on base; Calgary 0 - Albuquerque 2
TOP OF THE 4TH
Calgary Cowboys batting - Pitching for Albuquerque Isotopes : RHP Teruo Sato
Batting: RHB Ramón Martínez 0-0: Ground out 5-3 (Groundball, 5)
Batting: RHB Jesús Hernández 0-0: Called Strike
0-1: Swinging Strike
0-2: Ball
1-2: Ball
2-2: Foul Ball, location: 2F
2-2: Ground out 5-3 (Groundball, 5)
Batting: RHB Shayne Burry 0-0: Swinging Strike
0-1: Ball
1-1: Foul Ball, location: 2F
1-2: Ball
2-2: Strikes out swinging
Top of the 4th over - 0 run(s), 0 hit(s), 0 error(s), 0 left on base; Calgary 0 - Albuquerque 2
BOTTOM OF THE 4TH
Albuquerque Isotopes batting - Pitching for Calgary Cowboys : RHP Abraham Hes
Batting: LHB A.J. Major 0-0: Foul Ball, location: 2F
0-1: Foul Ball, location: 2F
0-2: Foul Ball, location: 2F
0-2: DOUBLE (Line Drive, 78M)
Batting: SHB José Sosa 0-0: Ground out 4-3 (Groundball, 34)
A.J. Major to third
Batting: RHB Luis Martínez 0-0: Swinging Strike
0-1: Ball
1-1: Called Strike
1-2: Ball
2-2: Ball
3-2: Foul Ball, location: 2F
3-2: Foul Ball, location: 2F
3-2: Foul Ball, location: 2F
3-2: Foul Ball, location: 2F
3-2: Base on Balls
Batting: LHB Pedro Vega 0-0: DOUBLE (Line Drive, 3D)
A.J. Major scores
Luis Martínez to third
Batting: RHB Chris Terry 0-0: Ball
1-0: Ball
2-0: DOUBLE (Line Drive, 9LS)
Luis Martínez scores
Pedro Vega scores
Batting: LHB Manny Mejía 0-0: Ball
Chris Terry is caught stealing 3rd base
1-0: Fly out, F9 (Flyball, 89M)
Bottom of the 4th over - 3 run(s), 3 hit(s), 0 error(s), 0 left on base; Calgary 0 - Albuquerque 5
TOP OF THE 5TH
Calgary Cowboys batting - Pitching for Albuquerque Isotopes : RHP Teruo Sato
Batting: RHB Tom Yarbrough 0-0: Called Strike
0-1: Foul Ball, location: 2F
0-2: Strikes out looking
Batting: RHB Iain Liefting 0-0: Ball
1-0: Foul Ball, location: 2F
1-1: Called Strike
1-2: Strikes out swinging
Batting: RHB Clark Hodge 0-0: Ball
1-0: Ball
2-0: Foul Ball, location: 2F
2-1: Ball
3-1: Foul Ball, location: 2F
3-2: SINGLE (Groundball, 4MD)
Pitching: LHP Cris Quezada
Batting: SHB Juan Acevado 0-0: Called Strike
0-1: Ball
1-1: SINGLE (Line Drive, 56D)
Clark Hodge to second
Batting: RHB Dan Wyatt 0-0: Ball
1-0: SINGLE (Groundball, 56D)
Clark Hodge to third
Juan Acevado to second
Runner from 3rd tries for Home, SAFE, no throw or cutoff
Batting: LHB Al Ryan 0-0: Swinging Strike
0-1: Foul Ball, location: 2F
0-2: Strikes out looking
Top of the 5th over - 1 run(s), 3 hit(s), 0 error(s), 2 left on base; Calgary 1 - Albuquerque 5
BOTTOM OF THE 5TH
Albuquerque Isotopes batting - Pitching for Calgary Cowboys : RHP Abraham Hes
Batting: RHB Sze Qi 0-0: Foul Ball, location: 2F
0-1: Ball
1-1: Fly out, F8 (Flyball, 8LS)
Batting: LHB Mark Vestal 0-0: DOUBLE (Line Drive, 7LM)
Batting: RHB Edward Young 0-0: SINGLE (Groundball, 56S)
Mark Vestal to third
Runner from 3rd tries for Home, SAFE, no throw or cutoff
Batting: LHB A.J. Major 0-0: Foul Ball, location: 2F
0-1: Foul Ball, location: 2F
0-2: Ball
1-2: Fly out, F4 (Popup, 3DF)
Batting: SHB José Sosa 0-0: Ball
Edward Young steals 2nd base
1-0: Ball
2-0: Foul Ball, location: 2F
2-1: Fly out, F9 (Flyball, 9M)
Bottom of the 5th over - 1 run(s), 2 hit(s), 0 error(s), 1 left on base; Calgary 1 - Albuquerque 6
TOP OF THE 6TH
Calgary Cowboys batting - Pitching for Albuquerque Isotopes : LHP Cris Quezada
Batting: RHB Ramón Martínez 0-0: Ball
1-0: Called Strike
1-1: Ground out U3 (Groundball, 3S)
Batting: RHB Jesús Hernández 0-0: Called Strike
0-1: Foul Ball, location: 2F
0-2: Ball
1-2: Ball
2-2: Ground out 5-3 (Groundball, 5)
Batting: RHB Shayne Burry 0-0: Called Strike
0-1: Reached on error, E5 (Groundball, 5)
Batting: RHB Tom Yarbrough 0-0: Foul Ball, location: 2F
0-1: DOUBLE (Line Drive, 7LM)
Shayne Burry to third
Batting: RHB Iain Liefting 0-0: Called Strike
0-1: Ball
1-1: Foul Ball, location: 2F
1-2: Ball
2-2: Foul Ball, location: 2F
2-2: Ball
3-2: Ground out 4-3 (Groundball, 4M)
Top of the 6th over - 0 run(s), 1 hit(s), 1 error(s), 2 left on base; Calgary 1 - Albuquerque 6
BOTTOM OF THE 6TH
Albuquerque Isotopes batting - Pitching for Calgary Cowboys : RHP Abraham Hes
Batting: RHB Luis Martínez 0-0: Called Strike
0-1: Swinging Strike
0-2: Ball
1-2: Ball
2-2: Ball
3-2: Ground out 6-3 (Groundball, 6)
Batting: LHB Pedro Vega 0-0: Foul Ball, location: 2F
0-1: Ball
1-1: Foul Ball, location: 2F
1-2: Fly out, F5 (Popup, 5DF)
Batting: RHB Chris Terry 0-0: Ball
1-0: Called Strike
1-1: Ball
2-1: Ball
3-1: Base on Balls
Pitching: RHP Nick Ruby
Batting: LHB Manny Mejía 0-0: Called Strike
0-1: Swinging Strike
0-2: SINGLE (Groundball, 34D)
Chris Terry to second
Chris Terry to third
Batting: RHB Sze Qi 0-0: Ball
1-0: Ball
2-0: Ball
3-0: Base on Balls
Manny Mejía to second
Batting: LHB Mark Vestal 0-0: Swinging Strike
0-1: Ball
1-1: SINGLE (Line Drive, 56D)
Chris Terry scores
Manny Mejía to third
Sze Qi to second
Batting: RHB Edward Young 0-0: Called Strike
0-1: Ball
1-1: Fly out, F4 (Popup, 34)
Bottom of the 6th over - 1 run(s), 2 hit(s), 0 error(s), 3 left on base; Calgary 1 - Albuquerque 7
TOP OF THE 7TH
Calgary Cowboys batting - Pitching for Albuquerque Isotopes : LHP Cris Quezada
Batting: RHB Clark Hodge 0-0: Ball
1-0: Called Strike
1-1: Ball
2-1: Called Strike
2-2: Strikes out swinging
Pitching: LHP Dave Rice
Batting: SHB Juan Acevado 0-0: Ball
1-0: Swinging Strike
1-1: Foul Ball, location: 2F
1-2: Foul Ball, location: 2F
1-2: Ball
2-2: Strikes out swinging
Batting: RHB Dan Wyatt 0-0: Ball
1-0: Called Strike
1-1: Foul Ball, location: 2F
1-2: Ball
2-2: Foul Ball, location: 2F
2-2: Foul Ball, location: 2F
2-2: Foul Ball, location: 2F
2-2: Strikes out swinging
Top of the 7th over - 0 run(s), 0 hit(s), 0 error(s), 0 left on base; Calgary 1 - Albuquerque 7
BOTTOM OF THE 7TH
Albuquerque Isotopes batting - Pitching for Calgary Cowboys : RHP Nick Ruby
Batting: LHB A.J. Major 0-0: Ball
1-0: Fly out, F7 (Flyball, 78M)
Batting: SHB José Sosa 0-0: Ball
1-0: Fly out, F3 (Popup, 3SF)
Batting: RHB Luis Martínez 0-0: Called Strike
0-1: Ball
1-1: DOUBLE (Groundball, 5L)
Batting: LHB Pedro Vega 0-0: Called Strike
0-1: Ball
1-1: Ball
2-1: Ball
3-1: Base on Balls
Batting: RHB Chris Terry 0-0: Ball
1-0: Ball
2-0: Ball
3-0: Base on Balls
Luis Martínez to third
Pedro Vega to second
Batting: LHB Manny Mejía 0-0: Ball
1-0: Ball
2-0: Ball
3-0: Called Strike
3-1: Base on Balls
Luis Martínez scores
Pedro Vega to third
Chris Terry to second
Batting: RHB Sze Qi 0-0: Ball
1-0: Foul Ball, location: 2F
1-1: Ground out 4-3 (Groundball, 4)
Bottom of the 7th over - 1 run(s), 1 hit(s), 0 error(s), 3 left on base; Calgary 1 - Albuquerque 8
TOP OF THE 8TH
Calgary Cowboys batting - Pitching for Albuquerque Isotopes : LHP Dave Rice
Batting: LHB Al Ryan 0-0: Called Strike
0-1: Foul Ball, location: 2F
0-2: Ball
1-2: Ball
2-2: Ground out 4-3 (Groundball, 4S)
Batting: RHB Ramón Martínez 0-0: Ball
1-0: Fly out, F8 (Flyball, 8RD)
Batting: RHB Jesús Hernández 0-0: Ball
1-0: Swinging Strike
1-1: Foul Ball, location: 2F
1-2: Strikes out swinging
Top of the 8th over - 0 run(s), 0 hit(s), 0 error(s), 0 left on base; Calgary 1 - Albuquerque 8
BOTTOM OF THE 8TH
Albuquerque Isotopes batting - Pitching for Calgary Cowboys : RHP Nick Ruby
Batting: LHB Mark Vestal 0-0: Called Strike
0-1: Ball
1-1: Called Strike
1-2: Fly out, F8 (Line Drive, 8RS)
Pitching: RHP Tim Flynn
Batting: RHB Edward Young 0-0: Called Strike
0-1: Ball
1-1: Foul Ball, location: 2F
1-2: Ball
2-2: Foul Ball, location: 2F
2-2: Foul Ball, location: 2F
2-2: Strikes out swinging
Batting: LHB A.J. Major 0-0: Ball
1-0: Foul Ball, location: 2F
1-1: Ball
2-1: Ball
3-1: Foul Ball, location: 2F
3-2: Strikes out swinging
Bottom of the 8th over - 0 run(s), 0 hit(s), 0 error(s), 0 left on base; Calgary 1 - Albuquerque 8
TOP OF THE 9TH
Calgary Cowboys batting - Pitching for Albuquerque Isotopes : LHP Dave Rice
Batting: RHB Shayne Burry 0-0: Foul Ball, location: 2F
0-1: Foul Ball, location: 2F
0-2: Ball
1-2: Ball
2-2: Strikes out swinging
Batting: RHB Tom Yarbrough 0-0: Ball
1-0: Ball
2-0: SINGLE (Line Drive, 6M)
Pitching: RHP Pepe Hernández
Batting: RHB Iain Liefting 0-0: Called Strike
0-1: Ball
1-1: Called Strike
1-2: Ball
2-2: Grounds into double play, 4-6-3 (Groundball, 4)
Top of the 9th over - 0 run(s), 1 hit(s), 0 error(s), 0 left on base; Calgary 1 - Albuquerque 8
This league is powered by Out of the Park Baseball, the baseball management simulation game for PC, Mac and Linux
Wednesday, December 2nd, 2015 - OOTP Baseball 16.8 Build 38